Description

Based on Winter Terran Beginner guide 2020, 1-1-1 mainly against zerg and toss, probably shouldn't wall the ramp vs terran.

VOD

https://www.youtube.com/watch?v=MFfNnP7yVLA

Build Order

Get SALT Encoding   

  13  0:02  SCV  First one rallied to the ramp
  14  0:20  Supply Depot  
  16  0:46  Barracks  
  16  0:51  Refinery  
  17  1:12  Action  17th SCV rallied to scout in front of the natural and wait, and saturate gas as soon as completed (~1:15)
  19  1:34  Orbital Command  
  19  1:37  Barracks Reactor  Then scout with the rallied SCV, continuous marine production once Reactor finishes
  19  2:00  Action  Scout: Terran >1 barracks = bunker; Toss >1 gate = bunker; Zerg with an slower expo...
  19  1:48  Command Center  
  20  2:05  Supply Depot  
  20  2:15  Factory  As soon as 100 gas
  21  2:16  Marine x2  To the bunker if needed.
  24  2:34  Bunker  
  31  3:13  Orbital Command  
  31  3:19  Factory Tech Lab  
  33  3:22  Starport  
  34  3:36  Refinery  At 25-26 SCVs, Don't forget to saturate it
  40  3:40  Cyclone  
  42  3:54  Supply Depot x2  Wall the front of expo (Toss or zerg)
  44  4:03  Viking  
  46  4:14  Siege Tank  Nonstop
  49  4:15  Supply Depot x2  Finish wall around the bunker
  58  4:40  Barracks x2  Two barracks when the siege tank is ready
  62  4:55  Starport Reactor  6 medivacs then liberators
  62  5:19  Command Center  In the main
  62  5:22  Engineering Bay x2  
  69  5:32  Barracks Tech Lab  On 2nd Rax
  71  5:39  Action  Lift off Starport and build reactor
  71  5:40  Action  Lift 3rd Rax and Land on Starport old reactor
  71  5:47  Refinery  Third and 4th
  75  5:53  Stimpack  
  77  6:04  Barracks  Then drop supply depots if supply blocked like winter
  86  6:22  Terran Infantry Weapons Level 1  
  86  6:24  Terran Infantry Armor Level 1  
  87  6:33  Orbital Command  
  91  6:36  Barracks  50 SCVs = 5 barracks, 1-1.
  113  7:37  Action  Send 3rd Orbital to Expo
  117  7:49  Combat Shield  
  117  7:51  Armory  When 1-1 is about 2/3 the way done, then 2-2 ASAP
  131  8:30  Action  TURRETS All around when 3rd being taken
  199  10:20  Action  Max Supply with ~7 tanks, 2 liberators, 3 marauders, 6 madivacs and a ton of marines
Spawning Tool Build Advisor. Get it on Overwolf

Analysis

Slightly adapted the things he said he did wrong, stopped including supply depots on the moment he started keeping being supply blocked, remembering that even with those he maxed out at 10:30.

Barracks first and scout at 17 supply against all races. Also expand at 20 supply vs rushes, just make a bunker and/or expand inside, as this build already has a faster factory. Remembering this is manly for metal leaguers or people that want to start learning how to follow a full terran macro build order.

Go to:

Details

  • Created by: varum
  • Published on: Jun 22, 2020
  • Modified on: Jun 22, 2020
  • Patch: 4.11.0
  • Difficulty: Easy
Show
View Real Time Build Order
Export as new Build Order

Comments (1)

On July 1, 2020, 6:29 a.m., 254f915c-fbb6-4c0a-ae59-8628fc  said:

thanks

Create an account to comment!